 Dungeon Crawl Stone Soup version 0.28.0-53-g5a82cb258f (webtiles) character file.

Game seed: 15771091677232645843

363 Sin92 the Skirmisher (level 6, -7/48 HPs)
             Began as a Demonspawn Fighter on June 8, 2022.
             Mangled by an ogre
             ... wielding a +0 giant club
              (21 damage)
             ... on level 4 of the Dungeon.
             The game lasted 00:04:48 (3929 turns).

Sin92 the Skirmisher (Demonspawn Fighter)           Turns: 3929, Time: 00:04:49

Health: -7/48      AC: 16    Str: 16    XL:     6   Next: 39%
Magic:  6/6        EV:  7    Int: 10    God:
Gold:   147        SH:  5    Dex: 14    Spells: 5/5 levels left

rFire   . . .      SeeInvis .   a - +0 long sword (vorpal)
rCold   . . .      Faith    .   c - +0 buckler
rNeg    . . .      Spirit   .   h - +1 chain mail
rPois   .          Reflect  .   (no helmet)
rElec   .          Harm     .   (no cloak)
rCorr   .          Rampage  .   (no gloves)
Will    .....                   (no boots)
Stlth   ..........              (no amulet)
HPRegen 0.16/turn               (no ring)
MPRegen 0.10/turn               (no ring)

@: sanguine armoured
A: spiny 1, sanguine armour 1, demonic touch 2
a: no special abilities


You were on level 4 of the Dungeon.
You visited 1 branch of the dungeon, and saw 4 of its levels.

You collected 147 gold pieces.

Inventory:

Hand Weapons
 a - a +0 vorpal long sword (weapon)
Armour
 b - a +0 scale mail
 c - a +0 buckler (worn)
 h - a +1 chain mail (worn)
Scrolls
 e - a scroll of brand weapon
 i - 2 scrolls of identify
 l - a scroll of vulnerability {unknown}
 m - a scroll of magic mapping {unknown}
 n - a scroll of blinking {unknown}
Potions
 d - 2 potions of might
 g - a potion of resistance {unknown}
 j - a potion of attraction {unknown}
 o - a potion of degeneration {unknown}


   Skills:
 + Level 4.1 Fighting
 * Level 3.8 Long Blades
 + Level 3.6 Armour
 + Level 1.6 Dodging
 + Level 3.7 Shields


You had 5 spell levels left.
You didn't know any spells.
Your spell library was empty.

Dungeon Overview and Level Annotations

Branches:
Dungeon (4/15)
 Temple: D:4-7

Altars:


Innate Abilities, Weirdness & Mutations

You are partially covered in sharp spines.
When seriously injured, your blood forms armour. (AC +6)
Your touch may inflict irresistible damage on your foes.


Message History

Deactivating autopickup; reactivate with Ctrl-A.
No target in view!
Unknown command.
No target in view!
No target in view!
No target in view!
You slash something!
You hear some strange, mumbled words.
A magic dart appears from out of thin air!
The magic dart hits you.
You miss something. Something hits you but does no damage.
You slash something!
Reactivating autopickup.
You feel a bit more experienced.
Things that are here:
a +0 dagger; a +0 robe An ogre is nearby!
The ogre shouts!
An ogre is nearby!
An ogre is nearby!
An ogre is nearby!
You hit the ogre but do no damage. You block the ogre's attack.
An ogre is nearby!
You hit the ogre.
The ogre is lightly wounded.
The ogre hits you with a +0 giant club!!
Your blood congeals into armour.
An ogre is nearby!
You barely miss the ogre.
The ogre is lightly wounded.
The ogre is struck by your spines. The ogre hits you with a +0 giant club!
* * * LOW HITPOINT WARNING * * *
An ogre is nearby!
You are too injured to fight recklessly!
You are too injured to fight recklessly!
You are too injured to fight recklessly!
You slash the ogre!
The ogre is heavily wounded.
The ogre hits you with a +0 giant club!!
You die...

..##.....##..........#...#
...........#......#.##...####
.##....#...#.##..##.........###
#########.....................###
..# ##..........................
.## #................#..........
.#####.#..##.....#...............
..#....#...##....................
......##........@O##.##.......#.#
.......)....)........##..........
....##.#........###..##..........
....#.[#........# ##...#..####.
.#............#.###.. ... #o
#....)........#..... ..# #......
##............#..## ..## #......
#........##.......##.............
........#..........#....##......#


You could see an ogre.

Vanquished Creatures
  An ogre (D:4)
  A hound (D:4)
  2 orc priests
  2 orc wizards
  5 adders
  An adder skeleton (D:4)
  2 worms
  2 dart slugs (D:1)
  3 orcs
  6 endoplasms
  A giant cockroach (D:3)
  2 goblins (D:1)
  12 hobgoblins
  3 jackals
  3 quokkas
  8 ball pythons
  6 bats
  12 kobolds
  6 rats
78 creatures vanquished.

Notes
Turn   | Place    | Note
-------+----------+-------------------------------------------
     0 | D:1      | Sin92 the Demonspawn Fighter began the quest for the Orb.
     0 | D:1      | Reached XP level 1. HP: 18/18 MP: 1/1
    32 | D:1      | Gained mutation: When seriously injured, your blood forms
                  | armour. (AC +6) [demonic ancestry]
    32 | D:1      | Reached XP level 2. HP: 17/24 MP: 2/2
   775 | D:1      | Found a faded altar of an unknown god.
   788 | D:1      | Gained mutation: Your touch may inflict minor irresistible
                  | damage on your foes. [demonic ancestry]
   788 | D:1      | Reached XP level 3. HP: 26/29 MP: 3/3
  1643 | D:2      | Reached XP level 4. HP: 34/35 MP: 4/4
  2661 | D:3      | Gained mutation: Your touch may inflict irresistible damage
                  | on your foes. [demonic ancestry]
  2661 | D:3      | Reached XP level 5. HP: 12/42 MP: 5/5
  2672 | D:3      | Reached skill level 1 in Dodging
  3074 | D:4      | Noticed an ogre
  3178 | D:4      | Noticed an ogre
  3466 | D:4      | Killed an ogre
  3467 | D:4      | Reached skill level 4 in Fighting
  3467 | D:4      | Gained mutation: You are partially covered in sharp spines.
                  | [demonic ancestry]
  3467 | D:4      | Reached XP level 6. HP: 4/48 MP: 6/6
  3929 | D:4      | Mangled by an ogre

Illustrated notes

Levels and vault maps discovered:
D:1:      scummos_arrival_star, layout_basic,
          shapermc_ecumenical_altar_mp_highgroup, hangedman_feature_mirror
D:2:      minmay_chambers_of_ones, layout_loops_ring
D:3:      layout_rooms
D:4:      layout_cave_pools

Skill      XL: |  1  2  3  4  5 |
---------------+----------------+-----
Long Blades    | 2 3 |  3.8
Shields        | 3 |  3.7
Armour         | 3 |  3.6
Dodging        | 1 |  1.6
Fighting       | 4 |  4.1

Action                   |  1- 3 |  4- 6 || total
-------------------------+-------+-------++-------
Melee: Long sword        |   111 |   163 ||   274
  Use: Scroll            |     2 |     4 ||     6
       Potion            |       |     3 ||     3
Armor: Scale mail        |    36 |       ||    36
       Chain mail        |    21 |   105 ||   126
Dodge: Dodged            |    54 |    43 ||    97
Block: Buckler           |    31 |    48 ||    79
